 Dungeon Crawl Stone Soup version 0.29-a0-541-gaf1fc19f1b (webtiles) character file.

Game seed: 17668869269032727046

58 dolemite99 the Cudgeller (level 4, -3/28 HPs)
             Began as a Gargoyle Fighter on June 3, 2022.
             Was a Believer of Wu Jian.
             Slain by Terence
             ... wielding a +5 flail of protection
              (5 damage)
             ... on level 2 of the Dungeon.
             The game lasted 00:01:26 (1918 turns).

dolemite99 the Cudgeller (Gargoyle Fighter)         Turns: 1918, Time: 00:01:27

Health: -3/28      AC: 13    Str: 21    XL:     4   Next: 2%
Magic:  4/4        EV:  7    Int:  9    God:    Wu Jian [**....]
Gold:   76         SH:  4    Dex:  9    Spells: 3/3 levels left

rFire   . . .      SeeInvis .   a - +0 flail
rCold   . . .      Faith    .   c - +0 buckler
rNeg    + . .      Spirit   .   k - +0 chain mail
rPois   ∞          Reflect  .   q - +0 helmet
rElec   +          Harm     .   (no cloak)
rCorr   .          Rampage  .   (no gloves)
Will    .....                   (no boots)
Stlth   ..........              (no amulet)
HPRegen 0.09/turn               (no ring)
MPRegen 0.09/turn               (no ring)

@: mighty
A: sickness immunity, AC +3, negative energy resistance 1, electricity
resistance, torment resistance 1, petrification resistance
a: Renounce Religion, Wall Jump


You were on level 2 of the Dungeon.
You worshipped Wu Jian.
Wu Jian was pleased with you.
You visited 1 branch of the dungeon, and saw 2 of its levels.

You collected 76 gold pieces.

Inventory:

Hand Weapons
 a - a +0 flail (weapon)
Missiles
 l - a poisoned dart (quivered)
Armour
 c - a +0 buckler (worn)
 k - a +0 chain mail (worn)
 q - a +0 helmet (worn)
Magical Staves
 f - a staff of earth
Scrolls
 h - 3 scrolls of teleportation {unknown}
 i - 3 scrolls of identify {unknown}
 j - a scroll of poison {unknown}
 o - 3 scrolls of blinking {unknown}
Potions
 e - 2 potions of berserk rage {unknown}
 g - 2 potions of curing {unknown}
 m - 2 potions of lignification {unknown}
 n - 3 potions of heal wounds {unknown}
 p - a potion of degeneration {unknown}


   Skills:
 - Level 3.2 Fighting
 + Level 4.2 Maces & Flails
 - Level 3.2 Armour
 - Level 3.2 Shields


You had 3 spell levels left.
You didn't know any spells.
Your spell library contained the following spells:

 Spells                   Type           Power      Damage    Failure   Level
 Gell's Gravitas          Tloc           0%         N/A       100%        3
 Ignite Poison            Fire/Tmut/Pois 0%         N/A       100%        3
 Lesser Beckoning         Tloc           0%         N/A       100%        3
 Mephitic Cloud           Conj/Pois/Air  0%         N/A       100%        3
 Teleport Other           Tloc           0%         N/A       100%        3
 Freezing Cloud           Conj/Ice/Air   0%         6-21      100%        5


Dungeon Overview and Level Annotations

Branches:
Dungeon (2/15)

Altars:
Wu Jian

Annotations:
D:2 Terence


Innate Abilities, Weirdness & Mutations

You are immune to sickness and miasma.
Your stone body is resilient. (AC +3)
You are immune to poison.
You resist negative energy. (rN+)
You are resistant to electric shocks. (rElec)
You are resistant to unholy torment.
You are immune to petrification.


Message History

You lunge at Terence.
You hit Terence.
Terence is moderately wounded.
Terence hits you with a +5 flail of protection.
You see here a poisoned dart.
You hit Terence but do no damage.
Terence is moderately wounded.
Terence hits you with a +5 flail of protection!
Terence closely misses you.
You barely miss Terence.
Terence is moderately wounded.
Terence hits you but does no damage.
You hit Terence.
Terence is severely wounded.
You block Terence's attack.
You hit Terence but do no damage.
Terence is severely wounded.
Terence hits you with a +5 flail of protection.
You hit Terence but do no damage.
Terence is severely wounded.
You block Terence's attack. Terence says, "How do you enjoy it?"
Terence hits you but does no damage.
You closely miss Terence.
Terence is almost dead.
Terence looks more healthy.
Terence hits you with a +5 flail of protection!
* * * LOW HITPOINT WARNING * * *
You closely miss Terence.
Terence is almost dead.
You block Terence's attack.
You feel very mighty all of a sudden. Terence closely misses you.
You closely miss Terence.
Terence is almost dead.
Terence hits you with a +5 flail of protection.
* * * LOW HITPOINT WARNING * * *
You closely miss Terence.
Terence is almost dead.
Terence hits you with a +5 flail of protection.
You die...

#######.#..# #.# #.
#.#..######.# #.
#.#...†..##.# #.
#.#.####.##.###.
#.#.#..#)##.....
#.#.#..#.#######
#.#....#)#######
#.#####.#....#......##
#.((@@..#.#########.##
#########.# #.## #.#
#.## #.# #.## #.#
######... #.#
#...#####
#.####........
#............#
######....##.#


You could see Terence.

Vanquished Creatures
  Robin (D:2)
  An adder (D:2)
  2 ball pythons
  3 bats
  2 endoplasms
  2 hobgoblins (D:2)
  4 jackals (D:1)
  A quokka (D:1)
  2 frilled lizards
  11 goblins
  4 kobolds
  3 rats (D:2)
36 creatures vanquished.

Notes
Turn   | Place    | Note
-------+----------+-------------------------------------------
     0 | D:1      | dolemite99 the Gargoyle Fighter began the quest for the
                  | Orb.
     0 | D:1      | Reached XP level 1. HP: 14/14 MP: 1/1
   494 | D:1      | Reached XP level 2. HP: 19/19 MP: 2/2
   635 | D:1      | Found a faded altar of an unknown god.
   663 | D:1      | Prayed at the altar of an unknown god.
   663 | D:1      | Became a worshipper of the Wu Jian Council
   663 | D:1      | Reached * piety under Wu Jian
   692 | D:1      | Reached skill level 3 in Maces & Flails
  1169 | D:2      | Reached XP level 3. HP: 22/23 MP: 3/3
  1616 | D:2      | Noticed Robin
  1630 | D:2      | Killed Robin
  1631 | D:2      | Reached skill level 4 in Maces & Flails
  1643 | D:2      | Reached ** piety under Wu Jian
  1649 | D:2      | Reached XP level 4. HP: 9/28 MP: 4/4
  1905 | D:2      | Noticed Terence
  1918 | D:2      | Slain by Terence

Illustrated notes

Levels and vault maps discovered:
D:1:      dpeg_arrival_tiny_k, layout_loops_ring, basic_ecumenical_altar
D:2:      layout_basic, uniq_terence, uniq_robin

Skill      XL: |  1  2  3 |
---------------+----------+-----
Maces & Flails | 3 4 |  4.2
Fighting       | |  3.2
Armour         | |  3.2
Shields        | |  3.2

Action                   |  1- 3 |  4- 6 || total
-------------------------+-------+-------++-------
Melee: Flail             |   137 |    12 ||   149
Throw: Dart              |    11 |     3 ||    14
Invok: Lunge             |     3 |     1 ||     4
  Use: Potion            |       |     1 ||     1
Armor: Scale mail        |    60 |       ||    60
       Chain mail        |    58 |     2 ||    60
Dodge: Dodged            |    72 |     2 ||    74
Block: Buckler           |    40 |     4 ||    44

Table legend: (Time is in decaauts)
 A = Elapsed time spent in this place.
 B = Non-inter-level travel time spent in this place.
 C = Inter-level travel time spent in this place.
 D = Time resting spent in this place.
 E = Time spent auto-exploring this place.
 F = Levels seen in this place.
 G = Mean time per level.
                   A        B        C        D        E       F      G
               +--------+--------+--------+--------+--------+-----+--------+
         Total |   1957 |   1936 |     21 |    572 |    952 |   2 |  978.5 |
       Dungeon |   1957 |   1936 |     21 |    572 |    952 |   2 |  978.5 |
               +--------+--------+--------+--------+--------+-----+--------+

Top non-repeatable levels by time:
     D:1: 1051 daAuts
     D:2: 905 daAuts
